 Dungeon Crawl Stone Soup version 0.28.0-45-g0d030f2227 (webtiles) character file.

Game seed: 13122168051203650363

64 pkoi the Charlatan (level 3, -11/27 HPs)
             Began as a Demigod Artificer on Apr 22, 2022.
             Killed by divine providence
             ... invoked by an orc priest
              (15 damage)
             ... on level 2 of the Dungeon.
             The game lasted 00:02:44 (3349 turns).

pkoi the Charlatan (Demigod Artificer)              Turns: 3349, Time: 00:02:44

Health: -11/27     AC:  5    Str: 17    XL:     3   Next: 64%
Magic:  5/5        EV: 11    Int: 13    God:
Gold:   99         SH:  0    Dex: 14    Spells: 2/2 levels left

rFire   . . .      SeeInvis .   l - +0 whip
rCold   . . .      Faith    .   (no shield)
rNeg    . . .      Spirit   .   m - +2 robe {Will+}
rPois   .          Reflect  .   (no helmet)
rElec   .          Harm     .   (no cloak)
rCorr   .          Rampage  .   k - +0 pair of gloves
Will    +....                   (no boots)
Stlth   ++........              (no amulet)
HPRegen 0.09/turn               (no ring)
MPRegen 0.09/turn               (no ring)

@: no status effects
A: high MP 1, forlorn, divine attributes
a: no special abilities


You were on level 2 of the Dungeon.
You visited 1 branch of the dungeon, and saw 2 of its levels.

You collected 99 gold pieces.

Inventory:

Hand Weapons
 a - a +0 club
 f - a +0 spear
 h - a +0 dagger
 l - a +0 whip (weapon)
Armour
 b - a +0 leather armour
 k - a +0 pair of gloves (worn)
 m - a +2 robe of willpower (worn)
Wands
 c - a wand of flame (10) (quivered)
 d - a wand of charming (11)
Scrolls
 g - a scroll of brand weapon {unknown}
 i - a scroll of teleportation {unknown}
 n - a scroll of vulnerability {unknown}
Potions
 j - 2 potions of brilliance {unknown}
Miscellaneous
 e - a piece from Xom's chessboard (15/15)


   Skills:
 - Level 0.8 Fighting
 - Level 1.7 Armour
 - Level 0.8 Dodging
 - Level 0.8 Stealth
 + Level 0.4 Unarmed Combat
 + Level 4.3 Evocations


You had 2 spell levels left.
You didn't know any spells.
Your spell library contained the following spells:

 Spells                   Type           Power      Damage    Failure   Level
 Tukima's Dance           Hex            0%         N/A       67%         3
 Anguish                  Hex/Necr       0%         N/A       97%         4
 Enfeeble                 Hex            0%         N/A       100%        7


Dungeon Overview and Level Annotations

Branches:
Dungeon (2/15)

Shops:
D:2 [

Annotations:
D:2 Terence


Innate Abilities, Weirdness & Mutations

You have an increased reservoir of magic. (+10% MP)
You shall have no god before yourself.
Your divine heritage dramatically boosts your attributes as you level up.


Message History

Ouch! That really hurt!
* * * LOW HITPOINT WARNING * * *
The adder bites you.
* * * LOW HITPOINT WARNING * * *
You feel sick.
You see here a ring of resist corrosion.
You feel sick.
You are no longer poisoned.
The adder barely misses you.
Aiming: Charm
Press: ? - help, Shift-Dir - straight line, f - adder
Aim: an adder (lightly wounded, chance to affect: 68%)
The adder is charmed.
Unknown command.
What are your orders? t - Shout!
Orders for allies: a - Attack new target. p - Attack previous target. r - Retreat! s - Stop attacking. g - Guard the area. f - Follow me.
Anything else - Cancel.
Gang up on whom?
Press: ? - help, Dir - move target, f - Terence, p - adder
Aim: Terence, wielding a +0 short sword and wearing a +2 scale mail of fire resistance Attack!
Terence completely misses your adder.
Your adder bites Terence.
Unknown command.
Your adder closely misses Terence.
Terence hits your adder with a +0 short sword.
Your adder bites Terence but does no damage.
Terence closely misses your adder.
Your adder bites Terence but does no damage.
Terence hits your adder with a +0 short sword.
Your adder dies!
Aiming: Charm
Press: ? - help, Shift-Dir - straight line, f/p - Terence
Aim: Terence, wielding a +0 short sword and wearing a +2 scale mail of fire resistance (moderately wounded, chance to affect: 68%) Terence is charmed.
The orc priest invokes the aid of Beogh against you.
Beogh smites you!
Ouch! That really hurt!
You die...

### #.. #.# ###### ##### #.#
.....# #...# #.# ##+####
###''#####...###.#####o....#
........#+....(.@...@o....$+
........#....###.#####=....#
..♣..♣..#.#### #.# #.....#
..(.....'.# #.# #.....#
........'.# #.# #.....#
..♣..♣..########.# ......#
........# ..#....# .o....#
........###.#....# #......#
###''####.#.#....####.....w#


You could see an orc priest, an orc and the friendly Terence (charmed).

Vanquished Creatures
  Jessica (D:2)
  A worm (D:2)
  A dart slug (D:2)
  3 endoplasms
  2 giant cockroaches
  4 goblins
  2 hobgoblins
  3 jackals (D:1)
  A quokka (D:1)
  3 ball pythons
  3 kobolds
  4 rats (D:1)
28 creatures vanquished.

Vanquished Creatures (collateral kills)
  An endoplasm (D:1)
1 creature vanquished.

Vanquished Creatures (others)
  An adder (D:2)
1 creature vanquished.

Grand Total: 30 creatures vanquished

Notes
Turn   | Place    | Note
-------+----------+-------------------------------------------
     0 | D:1      | pkoi the Demigod Artificer began the quest for the Orb.
     0 | D:1      | Reached XP level 1. HP: 15/15 MP: 3/3
   320 | D:1      | Reached skill level 3 in Evocations
  1096 | D:1      | Reached XP level 2. HP: 2/22 MP: 4/4
  2525 | D:2      | Found Rerphu's Armour Emporium.
  2532 | D:2      | Noticed Jessica
  2827 | D:2      | Killed Jessica
  2828 | D:2      | Reached skill level 4 in Evocations
  2828 | D:2      | Reached XP level 3. HP: 27/27 MP: 5/5
  3335 | D:2      | Noticed Terence
  3349 | D:2      | Killed from afar by an orc priest

Illustrated notes

Levels and vault maps discovered:
D:1:      shiori_shiawase, layout_loops_ring, due_unseen_surprise
D:2:      layout_basic, serial_shops, nicolae_shop_trees,
          kennysheep_generic_room_5, uniq_jessica, uniq_terence

Skill      XL: |  1  2 |
---------------+-------+-----
Evocations     | 3 4 |  4.3
Fighting       | |  0.8
Armour         | |  1.7
Dodging        | |  0.8
Stealth        | |  0.8
Unarmed Combat | |  0.4

Action                   || total
-------------------------++-------
Melee: Spear             ||    72
       Club              ||     2
       Punch             ||     2
       Whip              ||    49
Evoke: Wand              ||     9
 Stab: Sleeping          ||     3
Armor: Leather armour    ||    26
       Robe              ||     1
Dodge: Dodged            ||    72
